[Event "ICC tourney 3151 (60 10)"]
[Site "Internet Chess Club"]
[Date "2023.03.18"]
[Round "1"]
[White "Wan, Joseph Cheng-Yue:cyborg86"]
[Black "GUSEINOV, GADIR:GGuseinov"]
[Result "1/2-1/2"]
[ICCResult "Game drawn by mutual agreement"]
[WhiteElo "2293"]
[BlackElo "2711"]
[Opening "Sicilian defense"]
[ECO "B40"]
[NIC "SI.43"]
[Time "11:03:16"]
[PlyCount "20"]
[TimeControl "3600+10"]

1. e4 c5 2. Nf3 e6 3. c3 Nf6 4. e5 Nd5 5. d4 cxd4 6. cxd4 d6 7. Nc3 Nxc3 8.
bxc3 Nc6 9. exd6 Bxd6 10. Bd3 h6 {Game drawn by mutual agreement} 1/2-1/2

[Event "ICC tourney 3151 (60 10)"]
[Site "Internet Chess Club"]
[Date "2023.03.18"]
[Round "1"]
[White "XIA, JOSHUA:MathMonkey"]
[Black "FERNANDEZ, DANIEL:D-Fernandez"]
[Result "0-1"]
[ICCResult "White checkmated"]
[WhiteElo "1960"]
[BlackElo "2500"]
[Opening "Ruy Lopez: Marshall counter-attack, 11...c6"]
[ECO "C89"]
[NIC "RL.17"]
[Time "11:00:22"]
[PlyCount "60"]
[TimeControl "3600+10"]

1. e4 e5 2. Nf3 Nc6 3. Bb5 a6 4. Ba4 Nf6 5. O-O Be7 6. Re1 b5 7. Bb3 O-O 8.
c3 d5 9. exd5 Nxd5 10. Nxe5 Nxe5 11. Rxe5 c6 12. d3 Bd6 13. Re1 Qh4 14. g3
Qh3 15. Re4 Qf5 16. Be3 Qg6 17. Bd4 Bf5 18. Bxd5 cxd5 19. Re3 Bf4 20. Re1
Bxd3 21. Qf3 Rae8 22. Rxe8 Rxe8 23. Qxf4 Re1+ 24. Kg2 Bf1+ 25. Kf3 Qh5+ 26.
g4 Qh3+ 27. Qg3 Bg2+ 28. Kf4 Qh6+ 29. g5 Re4+ 30. Kf5 Qg6# {White
checkmated} 0-1

[Event "ICC tourney 3151 (60 10)"]
[Site "Internet Chess Club"]
[Date "2023.03.18"]
[Round "1"]
[White "Volkov, Sergey:Volkov"]
[Black "CHINNI, RISHABH:alphachesplayer"]
[Result "1-0"]
[ICCResult "Black resigns"]
[WhiteElo "2503"]
[BlackElo "1970"]
[Opening "Nimzo-Indian: Kmoch variation"]
[ECO "E20"]
[NIC "NI.30"]
[Time "11:00:22"]
[PlyCount "69"]
[TimeControl "3600+10"]

1. d4 Nf6 2. c4 e6 3. Nc3 Bb4 4. f3 O-O 5. a3 Bxc3+ 6. bxc3 d5 7. cxd5 exd5
8. e3 c5 9. Bd3 c4 10. Bc2 Re8 11. Ne2 Nc6 12. O-O b5 13. Ng3 a5 14. e4 Rb8
15. Bg5 h6 16. Bxf6 Qxf6 17. exd5 Ne7 18. Re1 Bb7 19. Ne4 Qb6 20. d6 Bxe4
21. d7 Red8 22. fxe4 Rxd7 23. Rb1 Qa7 24. Qg4 Nc6 25. Kh1 b4 26. e5 Nd8 27.
e6 Nxe6 28. Rxe6 fxe6 29. Qxe6+ Kh8 30. Qg6 Kg8 31. Qh7+ Kf8 32. Bg6 Qb6 33.
Re1 Qxg6 34. Qxg6 bxa3 35. Qe6 {Black resigns} 1-0

[Event "ICC tourney 3151 (60 10)"]
[Site "Internet Chess Club"]
[Date "2023.03.18"]
[Round "1"]
[White "IVANOV, ALEXANDER:marble"]
[Black "KONA, VIDIP KUMAR:Vidipkona"]
[Result "1-0"]
[ICCResult "Black checkmated"]
[WhiteElo "2340"]
[BlackElo "1902"]
[Opening "Caro-Kann: advance variation"]
[ECO "B12"]
[NIC "CK.04"]
[Time "11:00:25"]
[PlyCount "101"]
[TimeControl "3600+10"]

1. e4 c6 2. d4 d5 3. e5 Bf5 4. h4 h5 5. c4 e6 6. Nc3 Bb4 7. a3 Bxc3+ 8. bxc3
Ne7 9. Nf3 a5 10. Be2 dxc4 11. Bxc4 b5 12. Be2 Nd5 13. Bg5 Qc7 14. Rc1 Nd7
15. c4 bxc4 16. Bxc4 f6 17. exf6 gxf6 18. Bd2 Qd6 19. a4 N7b6 20. Be2 Nb4
21. O-O Ke7 22. g3 Rag8 23. Kh2 Rg4 24. Rc5 Rhg8 25. Rg1 Ra8 26. Qc1 Nxa4
27. Bxb4 axb4 28. Rxc6 Qd5 29. Rc7+ Kd6 30. Rf7 Nc3 31. Qb2 Ra4 32. Ra1 Qa5
33. Rxa4 Qxa4 34. Rxf6 Qa3 35. Qd2 Ne4 36. Qh6 Nxf6 37. Qxf6 Re4 38. Qd8+
Kc6 39. Qc8+ Kd6 40. Qc5+ Kd7 41. Bb5+ Kd8 42. Qd6+ Kc8 43. Ba6+ Qxa6 44.
Qxa6+ Kc7 45. Qa5+ Kc6 46. Ne5+ Kb7 47. Qb5+ Kc7 48. Qc6+ Kb8 49. Nd7+ Ka7
50. Qb6+ Ka8 51. Qa6# {Black checkmated} 1-0

[Event "ICC tourney 3151 (60 10)"]
[Site "Internet Chess Club"]
[Date "2023.03.18"]
[Round "1"]
[White "HO, CARTER:corviknight"]
[Black "HEBDEN, MARK L:mhebden"]
[Result "1-0"]
[ICCResult "Black resigns"]
[WhiteElo "2090"]
[BlackElo "2521"]
[Opening "Two knights defense (Modern bishop's opening)"]
[ECO "C55"]
[NIC "IG.01"]
[Time "11:36:20"]
[PlyCount "211"]
[TimeControl "3600+10"]

1. e4 e5 2. Nf3 Nc6 3. Bc4 Nf6 4. d3 Be7 5. O-O d6 6. c3 O-O 7. Nbd2 Na5 8.
Bb5 a6 9. Ba4 b5 10. Bc2 c5 11. Re1 Nc6 12. Nf1 Be6 13. Ng3 Qc7 14. h3 d5
15. Ng5 Rad8 16. Nxe6 fxe6 17. exd5 exd5 18. Nf5 Kh8 19. Nxe7 Nxe7 20. a4
Ng6 21. axb5 axb5 22. d4 exd4 23. cxd4 c4 24. Bd2 Qd6 25. Ra5 b4 26. Bxg6
hxg6 27. Qa4 c3 28. bxc3 Ne4 29. Ra6 Qb8 30. Rxe4 dxe4 31. Qxb4 Qxb4 32.
cxb4 Rxd4 33. Be3 Rxb4 34. Rxg6 Re8 35. Kh2 Kh7 36. Rg5 Re6 37. Rh5+ Kg6 38.
Rg5+ Kf6 39. Rc5 Rb7 40. Bd4+ Kg6 41. h4 Rf7 42. Be3 Kh7 43. Rh5+ Kg8 44.
Rc5 Re8 45. g3 Rf6 46. Kg2 g6 47. Rg5 Kf7 48. Rc5 Rf5 49. Rc4 Rfe5 50. Rc7+
R8e7 51. Rc2 Rd7 52. Rb2 Re6 53. Rc2 Ke7 54. Rc4 Kd6 55. Rd4+ Kc6 56. Rc4+
Kb5 57. Rc8 Kb4 58. Kh3 Kb3 59. Kg2 Rd3 60. Rc7 Rc3 61. Rb7+ Kc2 62. Rd7
Rcc6 63. Rd5 Rcd6 64. Rc5+ Kd3 65. Rc1 Ke2 66. Rc2+ Ke1 67. Rc1+ Rd1 68. Rc2
Rb1 69. Rc8 Rb2 70. Rc1+ Ke2 71. Rc3 Ra2 72. Bg5 Ra4 73. Rc2+ Kd3 74. Rd2+
Kc3 75. Be3 Ra1 76. Kh3 Re1 77. Ra2 Kd3 78. Bg5 Re2 79. Ra3+ Kc4 80. Be3 Rd6
81. Ra4+ Kd5 82. Rd4+ Ke5 83. Rb4 Rc6 84. Rb5+ Ke6 85. Kg4 Rec2 86. Kg5 Kf7
87. Rd5 R2c4 88. Rd7+ Kf8 89. Kh6 Ra4 90. Kh7 Ra5 91. Bh6+ Ke8 92. Rd4 Re6
93. Bg5 Ra7+ 94. Kh6 Rd7 95. Rc4 Rd5 96. Kh7 Rf5 97. Rd4 Rxf2 98. Rd8+ Kf7
99. Rd7+ Kf8 100. Rd8+ Re8 101. Rxe8+ Kxe8 102. Kxg6 Rf3 103. h5 Kf8 104. h6
Kg8 105. h7+ Kh8 106. g4 {Black resigns} 1-0

[Event "ICC tourney 3151 (60 10)"]
[Site "Internet Chess Club"]
[Date "2023.03.18"]
[Round "1"]
[White "Belous, Vladimir:Openyagami"]
[Black "RAYNES, PAUL:dumbunnyfish"]
[Result "1-0"]
[ICCResult "Black resigns"]
[WhiteElo "2580"]
[BlackElo "2139"]
[Opening "English: three knights system"]
[ECO "A27"]
[NIC "EO.21"]
[Time "11:09:50"]
[PlyCount "119"]
[TimeControl "3600+10"]

1. c4 Nc6 2. Nf3 e5 3. Nc3 f5 4. d3 Bb4 5. g3 Bxc3+ 6. bxc3 Nf6 7. Bg2 O-O
8. O-O d6 9. Rb1 Qe8 10. Bg5 Qh5 11. Bxf6 Rxf6 12. e3 Rh6 13. Nh4 Qe8 14. f4
Rf6 15. Kh1 b6 16. fxe5 dxe5 17. Rb2 Bd7 18. Rbf2 Qf8 19. Nxf5 Bxf5 20. Bxc6
Rd8 21. Bd5+ Kh8 22. Kg1 c6 23. Bxc6 Rxd3 24. Qh5 g6 25. Qe2 Qc5 26. e4 Rxc3
27. exf5 Rxc6 28. Kg2 Rxc4 29. fxg6 Qd5+ 30. Kg1 Rxg6 31. Rf8+ Rg8 32. Rxg8+
Kxg8 33. Qh5 Qd4+ 34. Kg2 Rc2+ 35. Kh3 Qd7+ 36. Rf5 Rc6 37. Qg4+ Qg7 38. Qe4
Rc8 39. Rxe5 Rf8 40. Re7 Qh6+ 41. Kg4 Kh8 42. Qe5+ Kg8 43. Rxa7 Rc8 44. h4
Qg6+ 45. Kh3 h5 46. Qd5+ Kh8 47. Qd7 Re8 48. a4 Rg8 49. Qd4+ Rg7 50. Qxg7+
Qxg7 51. Rxg7 Kxg7 52. g4 hxg4+ 53. Kxg4 Kg6 54. Kf4 Kh5 55. Ke5 Kxh4 56.
Kd6 Kg5 57. Kc6 Kf6 58. Kxb6 Ke6 59. Kb7 Kd6 60. a5 {Black resigns} 1-0

[Event "ICC tourney 3151 (60 10)"]
[Site "Internet Chess Club"]
[Date "2023.03.18"]
[Round "2"]
[White "RAYNES, PAUL:dumbunnyfish"]
[Black "Wan, Joseph Cheng-Yue:cyborg86"]
[Result "0-1"]
[ICCResult "White resigns"]
[WhiteElo "2139"]
[BlackElo "2293"]
[Opening "Queen's pawn, Mason variation"]
[ECO "D00"]
[NIC "QP.08"]
[Time "14:03:14"]
[PlyCount "66"]
[TimeControl "3600+10"]

1. d4 d5 2. Bf4 Nf6 3. e3 c5 4. Nd2 Nc6 5. c3 Bf5 6. Qb3 Qc8 7. Ngf3 c4 8.
Qd1 h6 9. h3 e6 10. Be2 Be7 11. Ne5 b5 12. a3 Bh7 13. Nxc6 Qxc6 14. Nf3 a5
15. Ne5 Qb7 16. O-O O-O 17. Bh5 b4 18. axb4 axb4 19. Rxa8 Qxa8 20. Bf3 Qa6
21. Ng4 Nxg4 22. hxg4 Qa2 23. Qc1 b3 24. Re1 Ba3 25. Re2 Bc2 26. e4 Bxb2 27.
Qe3 dxe4 28. Bxh6 exf3 29. Qg5 Bg6 30. Bxg7 Kxg7 31. gxf3 Bxc3 32. Qe5+ f6
33. Qxe6 Qxe2 {White resigns} 0-1

[Event "ICC tourney 3151 (60 10)"]
[Site "Internet Chess Club"]
[Date "2023.03.18"]
[Round "2"]
[White "JIANG, BRANDON:BranKing"]
[Black "HO, CARTER:corviknight"]
[Result "0-1"]
[ICCResult "White resigns"]
[WhiteElo "2174"]
[BlackElo "2090"]
[Opening "Réti: King's Indian attack, French variation"]
[ECO "B40"]
[NIC "SI.43"]
[Time "14:02:03"]
[PlyCount "76"]
[TimeControl "3600+10"]

1. e4 c5 2. Nf3 e6 3. d3 d5 4. Nbd2 Nc6 5. g3 Nf6 6. Bg2 Be7 7. O-O O-O 8.
Re1 b5 9. e5 Nd7 10. Nf1 b4 11. h4 a5 12. a3 Ba6 13. N1h2 bxa3 14. bxa3 Rc8
15. Bf4 Nd4 16. Ng5 h6 17. Nh3 c4 18. dxc4 Rxc4 19. Bf1 Qc7 20. Bxc4 Qxc4
21. Nf1 Bc5 22. Ne3 Qc3 23. Qg4 Be2 24. Rxe2 Nxe2+ 25. Qxe2 Qxa1+ 26. Kg2
Nxe5 27. Nd1 Ng6 28. Bd2 Qxa3 29. h5 Ne7 30. Nc3 Bb4 31. Nb5 Qb2 32. c3 Bc5
33. Nf4 a4 34. Nc7 a3 35. Nd3 Qb6 36. Bf4 Rc8 37. Nxc5 Qxc5 38. Nb5 a2
{White resigns}
0-1

[Event "ICC tourney 3151 (60 10)"]
[Site "Internet Chess Club"]
[Date "2023.03.18"]
[Round "2"]
[White "CHINNI, RISHABH:alphachesplayer"]
[Black "XIA, JOSHUA:MathMonkey"]
[Result "0-1"]
[ICCResult "White resigns"]
[WhiteElo "1970"]
[BlackElo "1960"]
[Opening "Ruy Lopez: 5.O-O"]
[ECO "C78"]
[NIC "RL.12"]
[Time "14:00:14"]
[PlyCount "70"]
[TimeControl "3600+10"]

1. e4 e5 2. Nf3 Nc6 3. Bb5 a6 4. Ba4 Nf6 5. O-O b5 6. Bb3 Bc5 7. c3 d6 8. d4
Bb6 9. a4 Rb8 10. axb5 axb5 11. Qd3 O-O 12. Bg5 h6 13. Bh4 Bb7 14. Nbd2 g5
15. Bg3 exd4 16. cxd4 Re8 17. Rfe1 Kg7 18. Rad1 Qd7 19. h3 Ra8 20. Rc1 Nb4
21. Qb1 Re7 22. e5 Nfd5 23. Ne4 dxe5 24. Nxe5 Qf5 25. Rcd1 f6 26. Nf3 Rae8
27. Nc5 Rxe1+ 28. Rxe1 Qxb1 29. Rxb1 Bxc5 30. dxc5 f5 31. Nd4 f4 32. Bh2 Kf6
33. Nxb5 Ba6 34. Nd4 Bd3 35. Nf3 Bxb1 {White resigns} 0-1

[Event "ICC tourney 3151 (60 10)"]
[Site "Internet Chess Club"]
[Date "2023.03.18"]
[Round "2"]
[White "FERNANDEZ, DANIEL:D-Fernandez"]
[Black "Belous, Vladimir:Openyagami"]
[Result "0-1"]
[ICCResult "White resigns"]
[WhiteElo "2500"]
[BlackElo "2580"]
[Opening "Sicilian: accelerated fianchetto, Maróczy bind"]
[ECO "B36"]
[NIC "SI.33"]
[Time "14:00:06"]
[PlyCount "72"]
[TimeControl "3600+10"]

1. e4 c5 2. Nf3 g6 3. d4 cxd4 4. Nxd4 Nc6 5. c4 Nf6 6. Nc3 d6 7. Be2 Nxd4 8.
Qxd4 Bg7 9. Be3 O-O 10. Qd2 a5 11. f3 a4 12. O-O Qa5 13. Rab1 Be6 14. Rfc1
Rfc8 15. b4 axb3 16. axb3 Qb4 17. Qc2 d5 18. exd5 Nxd5 19. Nxd5 Bxd5 20. Bd3
Be6 21. Kh1 h5 22. Bd2 Qc5 23. Be4 Qc7 24. Bc3 Bxc3 25. Qxc3 h4 26. Re1 Ra6
27. Rbd1 h3 28. gxh3 b5 29. c5 Ra2 30. Rd2 Rxd2 31. Qxd2 Bxb3 32. c6 e6 33.
Rg1 Bd5 34. Bxd5 exd5 35. Qxd5 Qxc6 36. Qf5 Re8 {White resigns} 0-1

[Event "ICC tourney 3151 (60 10)"]
[Site "Internet Chess Club"]
[Date "2023.03.18"]
[Round "2"]
[White "IVANOV, ALEXANDER:marble"]
[Black "Volkov, Sergey:Volkov"]
[Result "1-0"]
[ICCResult "Black resigns"]
[WhiteElo "2340"]
[BlackElo "2503"]
[Opening "French: Tarrasch, open variation"]
[ECO "C07"]
[NIC "FR.19"]
[Time "14:00:06"]
[PlyCount "119"]
[TimeControl "3600+10"]

1. e4 e6 2. d4 d5 3. Nd2 c5 4. exd5 Qxd5 5. dxc5 Bxc5 6. Ngf3 Nf6 7. Bc4 Qc6
8. Qe2 Nbd7 9. Nb3 a6 10. Nxc5 Nxc5 11. a3 b5 12. Ba2 Bb7 13. O-O O-O 14. c4
Rfc8 15. cxb5 axb5 16. Be3 Qe4 17. Rfd1 Nd5 18. Rd4 Qg6 19. Rad1 Na4 20. Bb1
f5 21. Bf4 Rc4 22. Bg3 Qh6 23. Ba2 Rxd4 24. Nxd4 f4 25. Nxe6 fxg3 26. hxg3
Nab6 27. Nc7 Rd8 28. Nxd5 Bxd5 29. Bxd5+ Nxd5 30. Rxd5 Qc1+ 31. Kh2 Rb8 32.
Qe6+ Kh8 33. Rxb5 Rd8 34. Rd5 Rg8 35. Rh5 h6 36. Qe3 Qc2 37. b4 Rf8 38. Re5
Rxf2 39. Re8+ Kh7 40. Qe4+ Qxe4 41. Rxe4 Ra2 42. Re3 Rb2 43. Re6 Rb3 44. Ra6
h5 45. Ra5 Kh6 46. b5 Kg5 47. b6+ Kf6 48. Ra6 Ke5 49. a4 Kd6 50. a5 Kc6 51.
Ra7 Rb5 52. Kg1 g5 53. Kf2 Rb2+ 54. Kf3 Rb3+ 55. Ke4 Rxg3 56. b7 Kc7 57. a6
Rxg2 58. Ra8 Rb2 59. Rc8+ Kd7 60. b8=Q {Black resigns} 1-0

[Event "ICC tourney 3151 (60 10)"]
[Site "Internet Chess Club"]
[Date "2023.03.18"]
[Round "3"]
[White "Volkov, Sergey:Volkov"]
[Black "XIA, JOSHUA:MathMonkey"]
[Result "1-0"]
[ICCResult "Black checkmated"]
[WhiteElo "2503"]
[BlackElo "1960"]
[Opening "Grünfeld: Russian variation"]
[ECO "D97"]
[NIC "GI.10"]
[Time "17:00:15"]
[PlyCount "63"]
[TimeControl "3600+10"]

1. d4 Nf6 2. c4 g6 3. Nc3 d5 4. Nf3 Bg7 5. Qb3 dxc4 6. Qxc4 a6 7. e4 b5 8.
Qb3 O-O 9. e5 Be6 10. exf6 Bxb3 11. fxg7 Kxg7 12. axb3 Nd7 13. Be3 Nf6 14.
Be2 e6 15. O-O Qd6 16. Rfc1 Rfd8 17. h3 c6 18. Bg5 Qb4 19. Ne5 Qxb3 20. Bd1
Qxb2 21. Nd3 Qxa1 22. Rxa1 Rxd4 23. Ne5 c5 24. Bf3 Rc8 25. Rxa6 b4 26. Nb5
Rdd8 27. Ra7 Rb8 28. Rxf7+ Kg8 29. Bxf6 b3 30. Rg7+ Kf8 31. Rxh7 b2 32. Rh8#
{Black checkmated}
1-0

[Event "ICC tourney 3151 (60 10)"]
[Site "Internet Chess Club"]
[Date "2023.03.18"]
[Round "3"]
[White "Belous, Vladimir:Openyagami"]
[Black "IVANOV, ALEXANDER:marble"]
[Result "1-0"]
[ICCResult "Black forfeits on time"]
[WhiteElo "2580"]
[BlackElo "2340"]
[Opening "Queen's pawn: Yusupov-Rubinstein system"]
[ECO "A46"]
[NIC "QP.06"]
[Time "17:00:27"]
[PlyCount "115"]
[TimeControl "3600+10"]

1. d4 Nf6 2. Nf3 e6 3. e3 b6 4. Bd3 Bb7 5. Nbd2 d5 6. b3 Bb4 7. Bb2 Ne4 8.
c4 Nxd2 9. Nxd2 Qg5 10. Qf3 Nd7 11. Rd1 O-O 12. O-O Nf6 13. Qh3 Ne4 14. cxd5
exd5 15. f4 Qf6 16. Bxe4 dxe4 17. Nc4 Bd5 18. f5 Be7 19. Ne5 Qh4 20. Qxh4
Bxh4 21. Rc1 Rfc8 22. Nc6 Kf8 23. Rc2 Ke8 24. Rfc1 a5 25. Ba3 Bf6 26. g3 Bg5
27. Kf2 Bf6 28. h4 h5 29. Kg2 Kd7 30. Kh3 a4 31. b4 Bxc6 32. Rxc6 Be7 33. d5
Bd6 34. Bb2 f6 35. a3 Re8 36. Bc3 Ra7 37. Rc2 Re7 38. Be1 Re5 39. g4 Rxd5
40. R6c4 hxg4+ 41. Kxg4 Rd1 42. Rc1 Rd3 43. R4c3 Rxc3 44. Rxc3 Be5 45. Rc2
b5 46. Kh5 Ke7 47. Kg6 Kf8 48. Bc3 Bg3 49. h5 Bh4 50. Bd4 Rb7 51. Bc5+ Kg8
52. Rd2 Rb8 53. Rd7 Kh8 54. Rxg7 Rd8 55. Rh7+ Kg8 56. Rxc7 Kh8 57. h6 Rg8+
58. Rg7 {Black forfeits on time} 1-0

[Event "ICC tourney 3151 (60 10)"]
[Site "Internet Chess Club"]
[Date "2023.03.18"]
[Round "3"]
[White "KONA, VIDIP KUMAR:Vidipkona"]
[Black "JIANG, BRANDON:BranKing"]
[Result "1-0"]
[ICCResult "Black resigns"]
[WhiteElo "1902"]
[BlackElo "2174"]
[Opening "Réti opening"]
[ECO "A13"]
[NIC "QP.11"]
[Time "17:04:31"]
[PlyCount "71"]
[TimeControl "3600+10"]

1. Nf3 e6 2. c4 f5 3. d4 Nf6 4. e3 b6 5. Nbd2 Bb7 6. b3 Bd6 7. Bb2 O-O 8.
Bd3 Nc6 9. a3 Ne7 10. Qc2 c5 11. O-O-O a5 12. e4 Bf4 13. Kb1 a4 14. d5 axb3
15. Qxb3 b5 16. dxe6 Nxe4 17. Bxe4 fxe4 18. Ne5 Bxe5 19. Bxe5 b4 20. axb4
Nc6 21. Bd6 Qf6 22. Qb2 Qg6 23. Bxf8 e3+ 24. Kc1 Nd4 25. Nb3 e2 26. Rxd4
Qxg2 27. Re1 cxd4 28. Bc5 d3 29. exd7 Bc6 30. Qd4 Qg5+ 31. Kb2 Rd8 32. Qxd3
Bxd7 33. Qd5+ Qxd5 34. cxd5 Bg4 35. Nd4 Rxd5 36. f3 {Black resigns} 1-0

[Event "ICC tourney 3151 (60 10)"]
[Site "Internet Chess Club"]
[Date "2023.03.18"]
[Round "3"]
[White "HO, CARTER:corviknight"]
[Black "Wan, Joseph Cheng-Yue:cyborg86"]
[Result "1-0"]
[ICCResult "Black forfeits on time"]
[WhiteElo "2090"]
[BlackElo "2293"]
[Opening "Sicilian: Richter-Rauzer, Rauzer attack, 7...a6 defense, 8...Bd7"]
[ECO "B67"]
[NIC "SI.30"]
[Time "17:00:12"]
[PlyCount "109"]
[TimeControl "3600+10"]

1. e4 c5 2. Nf3 d6 3. d4 Nf6 4. Nc3 cxd4 5. Nxd4 Nc6 6. Bg5 e6 7. Qd2 a6 8.
O-O-O Bd7 9. f4 b5 10. Bxf6 gxf6 11. Kb1 Qb6 12. Nxc6 Bxc6 13. f5 O-O-O 14.
Qf4 Be7 15. Bd3 h5 16. Ne2 Rdg8 17. Qf3 Qc5 18. fxe6 fxe6 19. Nf4 Qe5 20.
Rhf1 Kb7 21. Qh3 Kb8 22. g3 Bd7 23. Be2 Bc8 24. Rf3 Qxe4 25. Qf1 Bb7 26. Rb3
Rc8 27. Bd3 Qf3 28. Bxb5 Qxf1 29. Bxf1 Ka7 30. Nxe6 h4 31. g4 Be4 32. Bd3
Bd5 33. Ra3 Bxe6 34. Re1 Rc5 35. Rxe6 Re5 36. Rxe5 fxe5 37. Rxa6+ Kb7 38.
Ra5 Rf8 39. Bf5 Kb6 40. b4 h3 41. a4 Bg5 42. Rb5+ Kc7 43. a5 Bf4 44. a6 Rb8
45. Rxb8 Kxb8 46. b5 Ka7 47. c4 Kb6 48. Kc2 Bg5 49. Kd3 Bf4 50. Be4 Ka7 51.
Bf3 Bxh2 52. Ke4 Bf4 53. Kd5 h2 54. Be4 Kb6 55. Kxd6 {Black forfeits on
time} 1-0

[Event "ICC tourney 3151 (60 10)"]
[Site "Internet Chess Club"]
[Date "2023.03.19"]
[Round "4"]
[White "IVANOV, ALEXANDER:marble"]
[Black "HO, CARTER:corviknight"]
[Result "1-0"]
[ICCResult "Black resigns"]
[WhiteElo "2340"]
[BlackElo "2090"]
[Opening "Sicilian defense"]
[ECO "B40"]
[NIC "SI.43"]
[Time "11:00:44"]
[PlyCount "115"]
[TimeControl "3600+10"]

1. e4 c5 2. Nf3 e6 3. g3 d5 4. exd5 exd5 5. d4 Nc6 6. Bg2 Nf6 7. O-O c4 8.
Nc3 Be7 9. Ne5 O-O 10. Be3 Re8 11. a3 Be6 12. h3 Bd6 13. f4 Ne7 14. g4 g6
15. f5 gxf5 16. Bg5 Ne4 17. Bxe7 Qxe7 18. gxf5 Nxc3 19. Qg4+ Kh8 20. fxe6
Bxe5 21. bxc3 Bf6 22. Qf5 Bg7 23. exf7 Qe3+ 24. Kh1 Rf8 25. Bxd5 Rad8 26.
Bxc4 Rd6 27. Rae1 Qxc3 28. Bd3 Rh6 29. Re8 Qxd4 30. Qc8 Qd6 31. Rg1 Rg6 32.
Bxg6 hxg6 33. Qc4 Qf6 34. Rxf8+ Bxf8 35. Qe4 Kg7 36. Qxb7 Bd6 37. f8=Q+ Kxf8
38. Qa8+ Kg7 39. Qxa7+ Kh6 40. Qe3+ Kg7 41. Qe4 Bc5 42. Re1 Qc3 43. Qe5+
Qxe5 44. Rxe5 Bxa3 45. c4 Kf6 46. Rd5 Ke6 47. Kg2 Be7 48. Kf3 Bf6 49. Ke4
Bg7 50. c5 Bf8 51. c6 Bd6 52. Rd1 g5 53. Rxd6+ Kxd6 54. Kf5 Kxc6 55. Kxg5
Kd6 56. Kg6 Ke7 57. Kg7 Ke6 58. h4 {Black resigns} 1-0

[Event "ICC tourney 3151 (60 10)"]
[Site "Internet Chess Club"]
[Date "2023.03.19"]
[Round "4"]
[White "CHINNI, RISHABH:alphachesplayer"]
[Black "RAYNES, PAUL:dumbunnyfish"]
[Result "1-0"]
[ICCResult "Black resigns"]
[WhiteElo "1970"]
[BlackElo "2139"]
[Opening "Pirc defense"]
[ECO "B07"]
[NIC "PU.04"]
[Time "11:00:41"]
[PlyCount "123"]
[TimeControl "3600+10"]

1. e4 d6 2. d4 Nf6 3. Nc3 g6 4. f3 a6 5. Be3 b5 6. Qd2 Nbd7 7. O-O-O Nb6 8.
g4 h5 9. g5 Nfd7 10. f4 Bb7 11. Bg2 Nc4 12. Qe2 Nxe3 13. Qxe3 Nb6 14. Nf3 b4
15. Nb1 d5 16. Ne5 dxe4 17. Bxe4 Bxe4 18. Qxe4 Qd5 19. Rhe1 e6 20. c4 bxc3
21. Nxc3 Qxe4 22. Rxe4 Bb4 23. Nc6 Bxc3 24. bxc3 O-O 25. Kc2 Nc4 26. Kb3 Nd6
27. Re5 Kg7 28. Rde1 Nf5 29. c4 a5 30. Kc3 Ra6 31. Rc5 Nd6 32. Ne5 Rc8 33.
Rc6 Rb6 34. c5 Nb5+ 35. Kd3 Rb7 36. Rb1 Rd8 37. Ke3 Rbb8 38. Ra6 Nxd4 39.
Rxb8 Nf5+ 40. Kf3 Rxb8 41. Rxa5 Rb2 42. Ra7 Rxh2 43. Rxc7 Rxa2 44. Rxf7+ Kg8
45. Rf6 Ra3+ 46. Kg2 Rc3 47. c6 Rc2+ 48. Kf3 Rc3+ 49. Kf2 Rc2+ 50. Kf3 Rc3+
51. Ke2 Kh7 52. Rf7+ Kg8 53. c7 h4 54. Kd2 Rc5 55. Rd7 h3 56. Rd8+ Kg7 57.
c8=Q Rxc8 58. Rxc8 h2 59. Rc1 Ng3 60. Ke3 h1=Q 61. Rxh1 Nxh1 62. Kf3
{Black resigns}
1-0

[Event "ICC tourney 3151 (60 10)"]
[Site "Internet Chess Club"]
[Date "2023.03.19"]
[Round "4"]
[White "KONA, VIDIP KUMAR:Vidipkona"]
[Black "Volkov, Sergey:Volkov"]
[Result "0-1"]
[ICCResult "White resigns"]
[WhiteElo "1902"]
[BlackElo "2503"]
[Opening "Réti: advance variation"]
[ECO "A09"]
[NIC "RE.16"]
[Time "11:00:35"]
[PlyCount "172"]
[TimeControl "3600+10"]

1. Nf3 d5 2. c4 d4 3. e3 Nc6 4. exd4 Nxd4 5. Nxd4 Qxd4 6. d3 Nf6 7. Nc3 c6
8. Be3 Qd8 9. Be2 g6 10. d4 Bg7 11. O-O h5 12. h3 Be6 13. Qc2 Qd7 14. f3 Bf5
15. Qd2 h4 16. d5 cxd5 17. cxd5 a6 18. Bd4 Rd8 19. a4 e6 20. Qf4 Kf8 21.
Bc5+ Kg8 22. dxe6 Qxe6 23. Rfd1 Rc8 24. Bd4 Rh5 25. Qe3 Qxe3+ 26. Bxe3 Re8
27. Bd4 Rg5 28. Kf2 Nh5 29. Bxg7 Nxg7 30. Rd4 Bc2 31. Rc1 Nf5 32. Rd7 Ne3
33. Bf1 b5 34. Re1 Rge5 35. Rxe3 Rxe3 36. Nd5 Rb3 37. Nf6+ Kf8 38. Nxe8 Rxb2
39. Rd2 bxa4 40. Nd6 a3 41. Nc4 a2 42. Nxb2 Bb1 43. Bxa6 a1=Q 44. Bd3 Qa7+
45. Kf1 Qd4 46. Ke2 Qe5+ 47. Kf2 Qc5+ 48. Ke2 Ba2 49. Nd1 Be6 50. Ne3 Qe5
51. Kf2 Qg3+ 52. Ke2 Qh2 53. Ke1 Qg1+ 54. Ke2 Kg7 55. Be4 f5 56. Bd5 f4 57.
Ng4 Qxg2+ 58. Kd3 Qf1+ 59. Kc2 Bxd5 60. Rxd5 Qc4+ 61. Kd2 Qxd5+ 62. Ke2 Qc4+
63. Kf2 Qc2+ 64. Kg1 Qe2 65. Nh2 g5 66. Kh1 Qf2 67. Ng4 Qxf3+ 68. Kh2 Qg3+
69. Kh1 Qxh3+ 70. Nh2 Qa3 71. Kg2 Qb3 72. Kh1 Qe6 73. Kg2 Kf6 74. Kf3 Qh3+
75. Kf2 Qxh2+ 76. Kf3 Qh3+ 77. Kf2 Qa3 78. Kg2 Qf8 79. Kh2 g4 80. Kg2 Kg6
81. Kf2 Kh6 82. Kf1 Kh7 83. Kf2 Kh8 84. Kg2 Qa3 85. Kh2 Qb2+ 86. Kh1 g3
{White resigns}
0-1

[Event "ICC tourney 3151 (60 10)"]
[Site "Internet Chess Club"]
[Date "2023.03.19"]
[Round "5"]
[White "CHINNI, RISHABH:alphachesplayer"]
[Black "KONA, VIDIP KUMAR:Vidipkona"]
[Result "1-0"]
[ICCResult "Black resigns"]
[WhiteElo "1970"]
[BlackElo "1902"]
[Opening "Caro-Kann: two knights variation"]
[ECO "B10"]
[NIC "CK.01"]
[Time "14:00:17"]
[PlyCount "81"]
[TimeControl "3600+10"]

1. e4 c6 2. Nf3 d5 3. Nc3 dxe4 4. Nxe4 Nf6 5. Qe2 Nxe4 6. Qxe4 Nd7 7. Bc4
Nf6 8. Qe2 Bf5 9. d3 e6 10. Bd2 Be7 11. O-O O-O 12. Ne5 Qc7 13. Rae1 Bd6 14.
h3 a5 15. a3 b5 16. Bb3 Rfb8 17. g4 Bxe5 18. Qxe5 Qxe5 19. Rxe5 Bg6 20. f4
Nd7 21. Ree1 Nc5 22. Ba2 b4 23. Be3 Na4 24. Bd4 Rd8 25. Be5 Nc5 26. f5 exf5
27. gxf5 Bh5 28. Bc4 Kf8 29. f6 g5 30. Rf5 Rd7 31. Rxg5 Bg6 32. Bf4 Na4 33.
h4 Rd4 34. Rg4 c5 35. h5 Nxb2 36. hxg6 hxg6 37. Bh6+ Kg8 38. Rxg6+ Kh7 39.
Bxf7 Ra7 40. Re7 Rdd7 41. Bf8 {Black resigns} 1-0

[Event "ICC tourney 3151 (60 10)"]
[Site "Internet Chess Club"]
[Date "2023.03.19"]
[Round "5"]
[White "XIA, JOSHUA:MathMonkey"]
[Black "IVANOV, ALEXANDER:marble"]
[Result "0-1"]
[ICCResult "White checkmated"]
[WhiteElo "1960"]
[BlackElo "2340"]
[Opening "Robatsch defense"]
[ECO "B06"]
[NIC "KF.05"]
[Time "14:00:45"]
[PlyCount "100"]
[TimeControl "3600+10"]

1. e4 g6 2. d4 Bg7 3. Nc3 c6 4. Be3 Qb6 5. Qd2 Qxb2 6. Rb1 Qa3 7. Bc4 d6 8.
Nge2 Nf6 9. f3 Qa5 10. O-O O-O 11. a4 Nbd7 12. h3 Qc7 13. f4 Nxe4 14. Bxf7+
Rxf7 15. Nxe4 Nf6 16. Ng5 Rf8 17. c4 h6 18. Nf3 Bf5 19. Rb3 Ne4 20. Qa2 h5
21. Nh4 Bf6 22. Nxf5 gxf5 23. Qb1 b6 24. Nc3 Nxc3 25. Rxc3 e6 26. Qd1 h4 27.
Rd3 d5 28. cxd5 cxd5 29. Qe2 Rac8 30. Bf2 Qf7 31. Re1 Rc6 32. Re3 Re8 33.
Qd3 Rc4 34. R3e2 Rxa4 35. Rc2 a6 36. Rc6 b5 37. Kh2 Qd7 38. Rc2 Rc4 39. Rce2
a5 40. g4 hxg3+ 41. Qxg3+ Kh7 42. Rg1 Qf7 43. Qd3 b4 44. Be3 Rg8 45. Rge1
Rc3 46. Qa6 Bxd4 47. Qxa5 Bxe3 48. Rxe3 Qg7 49. R3e2 Rxh3+ 50. Kxh3 Qg3#
{White checkmated}
0-1